AoeStats
← Josmi-Ga'lock

Black Forest

508752778Analyzed
3v3 RM · 10d ago on Sep 23, 2026· 46m 21s· 6 players
Game mode
Random Map
Map size
Normal (6 player)
Population
200
Speed
Normal
Resources
Standard
Victory
Conquest
Starting age
Dark Age
Ending age
Imperial Age
RankedLock teamsTeams togetherTeam positionsShared explorationLock speedFull tech treeHidden civsTurbo modeCheats
Victory
Defeat
🇵🇪 Mongols · Peru
1033
+12
🇪🇸 Britons · Spain
1008
+13
🇪🇨 Persians · Ecuador
915
+17
🇻🇪 Varangians · Venezuela
986
-16
🇦🇷 Saxons · Argentina
971
-15
🇦🇷 Mongols · Argentina
867
-11
Abyssus
4:47 Loom
15:01 Feudal Age
15:28 Horse Collar
21:54 Castle Age
19:44 Double-Bit Axe
20:29 Stone Mining
20:31 Gold Mining
23:48 Stone Shaft Mining
24:56 Heavy Plow
25:11 Bow Saw
25:18 Bloodlines
25:09 Husbandry
32:35 Imperial Age
30:44 Wheelbarrow
30:56 Vendel Legacy
32:32 Scale Barding Armor
35:47 Conscription
35:42 Forging
36:58 Hand Cart
36:37 Cavalier
39:38 Chain Barding Armor
39:54 Iron Casting
44:36 Elite Skirmisher
Bluezote
1:18 Loom
12:48 Feudal Age
15:59 Wheelbarrow
15:12 Double-Bit Axe
15:12 Horse Collar
20:33 Castle Age
23:54 Elite Skirmisher
29:47 Bow Saw
31:27 Thumb Ring
31:49 Ballistics
31:22 Fletching
32:42 Heavy Plow
35:55 Hand Cart
38:20 Imperial Age
37:07 Bodkin Arrow
37:12 Padded Archer Armor
40:18 Chemistry
39:22 Bracer
39:37 Leather Archer Armor
Josmi-Ga'lock
0:28 Loom
11:33 Feudal Age
13:02 Town Watch
13:05 Double-Bit Axe
18:48 Horse Collar
19:10 Stone Mining
22:59 Castle Age
21:44 Fletching
24:05 Squires
23:52 Arson
26:32 Scale Mail Armor
30:44 Bodkin Arrow
32:18 Forging
34:58 Fortified Wall
35:13 Ballistics
35:03 Fortified Wall
34:49 Murder Holes
34:53 Elite Skirmisher
41:47 Bow Saw
Cavalier
1:06 Loom
10:45 Feudal Age
11:45 Double-Bit Axe
17:34 Castle Age
16:07 Gold Mining
16:42 Horse Collar
16:56 Stone Mining
18:10 Wheelbarrow
19:11 Bow Saw
19:28 Heavy Plow
25:57 Fletching
30:34 Gold Shaft Mining
29:48 Town Watch
30:19 Hand Cart
30:03 Bodkin Arrow
33:19 Imperial Age
32:48 Town Patrol
32:55 Padded Archer Armor
35:02 Chemistry
34:23 Ballistics
34:08 Bracer
34:31 Conscription
34:21 Crossbowman
35:00 Pikeman
35:41 Squires
35:49 Caravan
35:31 Treadmill Crane
36:04 Masonry
36:58 Yeomen
36:03 Arbalester
36:56 Scale Mail Armor
37:07 Forging
37:13 Leather Archer Armor
39:55 Ring Archer Armor
39:40 Chain Mail Armor
40:00 Iron Casting
38:51 Halberdier
39:53 Elite Skirmisher
39:57 Elite Longbowman
43:08 Two-Man Saw
42:46 Architecture
42:12 Murder Holes
42:25 Scale Barding Armor
42:52 Plate Mail Armor
Crissss
0:55 Loom
10:55 Feudal Age
12:00 Double-Bit Axe
16:42 Castle Age
14:55 Stone Mining
15:00 Gold Mining
18:10 Bow Saw
23:10 Fletching
26:48 Gold Shaft Mining
28:39 Bodkin Arrow
30:12 Ballistics
32:29 Imperial Age
32:38 Stone Shaft Mining
32:31 Husbandry
32:41 Bloodlines
31:54 Light Cavalry
32:36 Padded Archer Armor
33:38 Conscription
32:43 Elite Mangudai
33:41 Bracer
33:13 Elite Mangudai
34:53 Heavy Scorpion
37:27 Drill
37:49 Capped Ram
38:52 Hussar
44:40 Leather Archer Armor
44:31 Scale Barding Armor
44:36 Forging
45:54 Wheelbarrow
46:29 Chemistry
Khalid
12:14 Feudal Age
16:46 Castle Age
16:51 Double-Bit Axe
21:34 Wheelbarrow
21:59 Horse Collar
22:37 Bow Saw
24:18 Forging
24:14 Scale Barding Armor
25:44 Bloodlines
25:35 Husbandry
32:22 Imperial Age
30:11 Hand Cart
30:44 Iron Casting
31:19 Gold Mining
31:20 Stone Mining
32:08 Chain Barding Armor
33:00 Cavalier
35:18 Savar
37:12 Blast Furnace
42:09 Plate Barding Armor
41:21 Town Watch
42:42 Chemistry
43:13 Heavy Plow
43:53 Gold Shaft Mining
43:54 Stone Shaft Mining
45:29 Ballistics
Connection lost

Rejoining the realm…

Still unreachable

The connection could not be restored.

Session expired

The server has moved on; the page needs a fresh start.